TOP OF THE 1ST |
Hudson Valley Renegades batting - Pitching for Vermont Lake Monsters : RHP Victor Sanchez
|
Pitching: RHP Victor Sanchez
|
|
Batting: SHB Chris Lockart
|
0-0: Called Strike 0-1: Foul Ball, location: 2F 0-2: Foul Ball, location: 2F 0-2: Ball 1-2: Ball 2-2: Strikes out swinging
|
Batting: LHB Jonathan Spino
|
0-0: Foul Ball, location: 2F 0-1: Foul Ball, location: 2F 0-2: Hit by Pitch
|
Batting: RHB Wil Urban
|
0-0: Called Strike Jonathan Spino is caught stealing 2nd base 2-4 0-1: Ball 1-1: Foul Ball, location: 2F 1-2: Ball 2-2: Foul Ball, location: 2F 2-2: Strikes out swinging
|
Top of the 1st over - 0 runs, 0 hits, 0 errors, 0 left on base; Hudson Valley 0 - Vermont 0 |
BOTTOM OF THE 1ST |
Vermont Lake Monsters batting - Pitching for Hudson Valley Renegades : LHP Julian Roe
|
Pitching: LHP Julian Roe
|
|
Batting: RHB Franklin Salazar
|
0-0: Called Strike 0-1: Foul Ball, location: 2F 0-2: DOUBLE (Groundball, 5L, EV 101.9 MPH)
|
Batting: RHB Larry Clark
|
0-0: Called Strike 0-1: Ball Passed Ball! Franklin Salazar to third 1-1: Ball 2-1: Ground out 6-3 (Groundball, 6, EV 88.8 MPH) Franklin Salazar scores
|
Batting: RHB Walt Alaniz
|
0-0: Ball 1-0: Called Strike 1-1: Swinging Strike 1-2: Foul Ball, location: 2F 1-2: Foul Ball, location: 2F 1-2: Ball 2-2: SINGLE (Flyball, 5D, EV 93.1 MPH)
|
Batting: RHB David Herrera
|
0-0: Called Strike 0-1: Swinging Strike 0-2: Foul Ball, location: 2F 0-2: Ball Wild Pitch! Walt Alaniz to second 1-2: Strikes out swinging
|
Batting: LHB Ed Talamantes
|
0-0: Ball 1-0: Foul Ball, location: 2F 1-1: Ball 2-1: Swinging Strike 2-2: Ball 3-2: Fly out, F9 (Flyball, 9D, EV 99.4 MPH)
|
Bottom of the 1st over - 1 run, 2 hits, 0 errors, 1 left on base; Hudson Valley 0 - Vermont 1 |
TOP OF THE 2ND |
Hudson Valley Renegades batting - Pitching for Vermont Lake Monsters : RHP Victor Sanchez
|
Batting: LHB Rocky Crowley
|
0-0: Ball 1-0: Foul Ball, location: 2F 1-1: Foul Ball, location: 2F 1-2: Foul Ball, location: 2F 1-2: Strikes out swinging, 2-3 out at first.
|
Batting: RHB Nelle Lommen
|
0-0: Foul Ball, location: 2F 0-1: Called Strike 0-2: Fly out, F8 (Flyball, 89D, EV 105.6 MPH)
|
Batting: LHB Jeremy Burton
|
0-0: Called Strike 0-1: Called Strike 0-2: Foul Ball, location: 2F 0-2: Strikes out swinging
|
Top of the 2nd over - 0 runs, 0 hits, 0 errors, 0 left on base; Hudson Valley 0 - Vermont 1 |
BOTTOM OF THE 2ND |
Vermont Lake Monsters batting - Pitching for Hudson Valley Renegades : LHP Julian Roe
|
Batting: RHB Gojko Golob
|
0-0: Called Strike 0-1: Ball 1-1: Swinging Strike 1-2: Foul Ball, location: 2F 1-2: Strikes out swinging
|
Batting: LHB Felipe Gomez
|
0-0: Ball 1-0: Ball 2-0: Ball 3-0: Called Strike 3-1: Foul Ball, location: 2F 3-2: Ground out 4-3 (Groundball, 4, EV 93.8 MPH)
|
Batting: RHB Chris Bohm
|
0-0: Called Strike 0-1: Foul Ball, location: 2F 0-2: Ball 1-2: Ball 2-2: Strikes out swinging
|
Bottom of the 2nd over - 0 runs, 0 hits, 0 errors, 0 left on base; Hudson Valley 0 - Vermont 1 |
TOP OF THE 3RD |
Hudson Valley Renegades batting - Pitching for Vermont Lake Monsters : RHP Victor Sanchez
|
Batting: RHB Khalil Walker
|
0-0: Ball 1-0: Ground out 6-3 (Groundball, 56, EV 106.9 MPH)
|
Batting: SHB Josif Popovski
|
0-0: Fly out, F7 (Flyball, 7, EV 97.5 MPH)
|
Batting: RHB Jesus Carrillo
|
0-0: Ball 1-0: Foul Ball, location: 2F 1-1: Ball 2-1: Ball 3-1: Base on Balls
|
Batting: SHB Chris Lockart
|
0-0: Called Strike 0-1: Ball Wild Pitch! Jesus Carrillo to second 1-1: Swinging Strike 1-2: Strikes out swinging
|
Top of the 3rd over - 0 runs, 0 hits, 0 errors, 1 left on base; Hudson Valley 0 - Vermont 1 |
BOTTOM OF THE 3RD |
Vermont Lake Monsters batting - Pitching for Hudson Valley Renegades : LHP Julian Roe
|
Batting: RHB Ricky Trejo
|
0-0: Ball 1-0: Foul Ball, location: 2F 1-1: Called Strike 1-2: Ball 2-2: Ball 3-2: Base on Balls
|
Batting: RHB Franklin Salazar
|
0-0: Foul Ball, location: 2F 0-1: Ball 1-1: Foul Ball, location: 2F 1-2: Foul Ball, location: 2F 1-2: Ball 2-2: Ball 3-2: Ground out 5-3 (Groundball, 5, EV 90.6 MPH) Ricky Trejo to second
|
Batting: RHB Larry Clark
|
0-0: Ball 1-0: Foul Ball, location: 2F 1-1: Ball 2-1: Fly out, F7 (Flyball, 7, EV 90.6 MPH)
|
Batting: RHB Walt Alaniz
|
0-0: Ball 1-0: Ball 2-0: Called Strike 2-1: SINGLE (Groundball, 6D, EV 102.5 MPH) Ricky Trejo to third Runner from 3rd tries for Home, SAFE, throw by LF to home Walt Alaniz to second
|
Batting: RHB David Herrera
|
0-0: Ball 1-0: Ball 2-0: DOUBLE (Line Drive, 7LM, EV 100.6 MPH) Walt Alaniz scores
|
Batting: LHB Ed Talamantes
|
0-0: Called Strike 0-1: Called Strike 0-2: Strikes out looking
|
Bottom of the 3rd over - 2 runs, 2 hits, 0 errors, 1 left on base; Hudson Valley 0 - Vermont 3 |
TOP OF THE 4TH |
Hudson Valley Renegades batting - Pitching for Vermont Lake Monsters : RHP Victor Sanchez
|
Batting: LHB Jonathan Spino
|
0-0: Foul Ball, location: 2F 0-1: Foul Ball, location: 2F 0-2: Strikes out swinging
|
Batting: RHB Wil Urban
|
0-0: Foul Ball, location: 2F 0-1: Foul Ball, location: 2F 0-2: Foul Ball, location: 2F 0-2: Strikes out swinging
|
Batting: LHB Rocky Crowley
|
0-0: TRIPLE (Flyball, 89XD, EV 110.6 MPH)
|
Batting: RHB Nelle Lommen
|
0-0: Called Strike 0-1: Foul Ball, location: 2F 0-2: Ball 1-2: Strikes out looking
|
Top of the 4th over - 0 runs, 1 hit, 0 errors, 1 left on base; Hudson Valley 0 - Vermont 3 |
BOTTOM OF THE 4TH |
Vermont Lake Monsters batting - Pitching for Hudson Valley Renegades : LHP Julian Roe
|
Batting: RHB Gojko Golob
|
0-0: Called Strike 0-1: Foul Ball, location: 2F 0-2: Ball 1-2: Ball 2-2: Strikes out looking
|
Batting: LHB Felipe Gomez
|
0-0: Ball 1-0: Called Strike 1-1: Ball 2-1: Swinging Strike 2-2: Ground out 4-3 (Groundball, 4, EV 87.5 MPH)
|
Batting: RHB Chris Bohm
|
0-0: Ball 1-0: Ball 2-0: Foul Ball, location: 2F 2-1: Called Strike 2-2: Foul Ball, location: 2F 2-2: Ball 3-2: SINGLE (Groundball, 56S, EV 67.5 MPH) (infield hit)
|
Pitching: RHP Eddie Aguirre
|
|
Batting: RHB Ricky Trejo
|
0-0: Called Strike Chris Bohm is caught stealing 2nd base 2-4
|
Bottom of the 4th over - 0 runs, 1 hit, 0 errors, 0 left on base; Hudson Valley 0 - Vermont 3 |
TOP OF THE 5TH |
Hudson Valley Renegades batting - Pitching for Vermont Lake Monsters : RHP Victor Sanchez
|
Batting: LHB Jeremy Burton
|
0-0: Ball 1-0: Ball 2-0: Called Strike 2-1: Ground out 5-3 (Groundball, 56D, EV 85.6 MPH)
|
Batting: RHB Khalil Walker
|
0-0: Ball 1-0: Foul Ball, location: 2F 1-1: Foul Ball, location: 2F 1-2: Foul Ball, location: 2F 1-2: Strikes out swinging
|
Batting: SHB Josif Popovski
|
0-0: Foul Ball, location: 2F 0-1: Ball 1-1: Fly out, F8 (Flyball, 8LD, EV 91.2 MPH)
|
Top of the 5th over - 0 runs, 0 hits, 0 errors, 0 left on base; Hudson Valley 0 - Vermont 3 |
BOTTOM OF THE 5TH |
Vermont Lake Monsters batting - Pitching for Hudson Valley Renegades : RHP Eddie Aguirre
|
Batting: RHB Ricky Trejo
|
0-0: Ball 1-0: Called Strike 1-1: Foul Ball, location: 2F 1-2: Ground out 6-3 (Groundball, 6MD, EV 110.0 MPH)
|
Batting: RHB Franklin Salazar
|
0-0: Ball 1-0: Foul Ball, location: 2F 1-1: Foul Ball, location: 2F 1-2: Foul Ball, location: 2F 1-2: Ground out 5-3 (Groundball, 56, EV 99.4 MPH)
|
Batting: RHB Larry Clark
|
0-0: Swinging Strike 0-1: Foul Ball, location: 2F 0-2: Ball 1-2: Foul Ball, location: 2F 1-2: Ball 2-2: Foul Ball, location: 2F 2-2: Foul Ball, location: 2F 2-2: Strikes out looking
|
Bottom of the 5th over - 0 runs, 0 hits, 0 errors, 0 left on base; Hudson Valley 0 - Vermont 3 |
TOP OF THE 6TH |
Hudson Valley Renegades batting - Pitching for Vermont Lake Monsters : RHP Victor Sanchez
|
Batting: RHB Jesus Carrillo
|
0-0: Ball 1-0: Hit by Pitch
|
Batting: SHB Chris Lockart
|
0-0: Swinging Strike 0-1: Ball 1-1: Swinging Strike 1-2: Strikes out looking
|
Batting: LHB Jonathan Spino
|
0-0: Ball 1-0: Foul Ball, location: 2F 1-1: Called Strike 1-2: Ball 2-2: Ball 3-2: Foul Ball, location: 2F 3-2: Foul Ball, location: 2F 3-2: Grounds into double play, 6-4-3 (Groundball, 6, EV 106.9 MPH)
|
Top of the 6th over - 0 runs, 0 hits, 0 errors, 0 left on base; Hudson Valley 0 - Vermont 3 |
BOTTOM OF THE 6TH |
Vermont Lake Monsters batting - Pitching for Hudson Valley Renegades : RHP Eddie Aguirre
|
Batting: RHB Walt Alaniz
|
0-0: Ball 1-0: SOLO HOME RUN (Flyball, 89XD, EV 101.9 MPH), Distance : 413 ft
|
Batting: RHB David Herrera
|
0-0: SINGLE (Groundball, 6MD, EV 94.4 MPH)
|
Batting: LHB Ed Talamantes
|
Pickoff Play to 1st, Runner tries for 2nd, SAFE after rundown. 0-0: Called Strike 0-1: Foul Ball, location: 2F 0-2: TRIPLE (Flyball, 9LD, EV 86.9 MPH) David Herrera scores
|
Batting: RHB Gojko Golob
|
0-0: Swinging Strike 0-1: Called Strike 0-2: Foul Ball, location: 2F 0-2: Ball 1-2: Strikes out looking
|
Batting: LHB Felipe Gomez
|
0-0: Ball Wild Pitch! Ed Talamantes scores 1-0: Swinging Strike 1-1: Ball 2-1: Swinging Strike 2-2: Strikes out swinging
|
Batting: RHB Chris Bohm
|
0-0: Ball 1-0: Ball 2-0: Ball 3-0: Called Strike 3-1: Ground out 5-3 (Groundball, 56S, EV 64.4 MPH)
|
Bottom of the 6th over - 3 runs, 3 hits, 0 errors, 0 left on base; Hudson Valley 0 - Vermont 6 |
TOP OF THE 7TH |
Hudson Valley Renegades batting - Pitching for Vermont Lake Monsters : RHP Victor Sanchez
|
Batting: RHB Wil Urban
|
0-0: Foul Ball, location: 2F 0-1: Ball 1-1: Ground out U3 (Groundball, 34S, EV 85.0 MPH)
|
Pitching: RHP Ray Leuthauser
|
|
Batting: LHB Rocky Crowley
|
0-0: Called Strike 0-1: Swinging Strike 0-2: Ball 1-2: Foul Ball, location: 2F 1-2: Ground out 4-3 (Groundball, 4, EV 83.8 MPH)
|
Batting: RHB Nelle Lommen
|
0-0: Swinging Strike 0-1: Ball 1-1: Ground out U3 (Groundball, 3, EV 92.5 MPH)
|
Top of the 7th over - 0 runs, 0 hits, 0 errors, 0 left on base; Hudson Valley 0 - Vermont 6 |
BOTTOM OF THE 7TH |
Vermont Lake Monsters batting - Pitching for Hudson Valley Renegades : RHP Eddie Aguirre
|
Batting: RHB Ricky Trejo
|
0-0: Ball 1-0: Hit by Pitch
|
Batting: RHB Franklin Salazar
|
0-0: Foul Ball, location: 2F 0-1: SINGLE (Line Drive, 4D, EV 96.2 MPH) Ricky Trejo to second
|
Pitching: RHP Ron Garrett
|
|
Batting: RHB Larry Clark
|
0-0: Ball 1-0: Ball Passed Ball! Ricky Trejo to third Franklin Salazar to second 2-0: Called Strike 2-1: Swinging Strike 2-2: DOUBLE (Line Drive, 3D, EV 99.4 MPH) Ricky Trejo scores Franklin Salazar scores
|
Pinch Hitting: RHB Jon Coleman
|
0-0: DOUBLE (Line Drive, 7LS, EV 111.9 MPH) Larry Clark scores
|
Pinch Hitting: RHB Tim Anderson
|
0-0: Foul Ball, location: 2F 0-1: Swinging Strike 0-2: Strikes out looking
|
Batting: LHB Ed Talamantes
|
0-0: Ball 1-0: Called Strike 1-1: 2-RUN HOME RUN (Flyball, 89XD, EV 105.6 MPH), Distance : 413 ft
|
Batting: RHB Gojko Golob
|
0-0: Swinging Strike 0-1: Ball 1-1: Ball 2-1: Ball 3-1: Base on Balls
|
Pinch Hitting: RHB Ricardo Claros
|
0-0: Swinging Strike 0-1: Ball 1-1: Foul Ball, location: 2F 1-2: Foul Ball, location: 2F 1-2: Strikes out looking
|
Batting: RHB Chris Bohm
|
0-0: Ball 1-0: Ball 2-0: Ball 3-0: Base on Balls Gojko Golob to second
|
Pitching: RHP Adam Worrell
|
|
Pinch Hitting: LHB Miguel Maymi
|
0-0: Swinging Strike 0-1: Called Strike 0-2: Foul Ball, location: 2F 0-2: Ball 1-2: Foul Ball, location: 2F 1-2: Ball 2-2: Ball 3-2: Base on Balls Gojko Golob to third Chris Bohm to second
|
Pinch Hitting: RHB Jamie Jennings
|
0-0: Foul Ball, location: 2F 0-1: Ball 1-1: SINGLE (Groundball, 34D, EV 101.2 MPH) Gojko Golob scores Chris Bohm to third Miguel Maymi to second Runner from 3rd tries for Home, SAFE, throw by RF to home
|
Batting: RHB Larry Clark
|
0-0: SINGLE (Line Drive, 56, EV 99.4 MPH) Miguel Maymi to third Jamie Jennings to second
|
Batting: RHB Jon Coleman
|
0-0: Called Strike 0-1: Ball 1-1: Ball 2-1: Foul Ball, location: 2F 2-2: Ball 3-2: Base on Balls Miguel Maymi scores Jamie Jennings to third Larry Clark to second
|
Batting: RHB Tim Anderson
|
0-0: Ball 1-0: Called Strike 1-1: Ball 2-1: Ball 3-1: Foul Ball, location: 2F 3-2: SINGLE (Line Drive, 4M, EV 94.4 MPH) Jamie Jennings scores Larry Clark to third Jon Coleman to second Larry Clark scores Jon Coleman to third
|
Batting: LHB Ed Talamantes
|
0-0: Ball 1-0: Foul Ball, location: 2F 1-1: Fly out, F9 (Flyball, 89S, EV 86.9 MPH)
|
Bottom of the 7th over - 10 runs, 7 hits, 0 errors, 2 left on base; Hudson Valley 0 - Vermont 16 |
TOP OF THE 8TH |
Hudson Valley Renegades batting - Pitching for Vermont Lake Monsters : RHP Ray Leuthauser
|
Now at 1B: Jamie Jennings
|
|
Now at 2B: Tim Anderson
|
|
Now at 3B: Miguel Maymi
|
|
Now in LF: Jon Coleman
|
|
Now in RF: Ricardo Claros
|
|
Pinch Hitting: RHB Eddie Zamora
|
0-0: Called Strike 0-1: Called Strike 0-2: Strikes out swinging
|
Pinch Hitting: RHB Evan Chalarian
|
0-0: Foul Ball, location: 2F 0-1: Foul Ball, location: 2F 0-2: Foul Ball, location: 2F 0-2: Reached on error, E5 (Groundball, 56, EV 84.4 MPH)
|
Batting: SHB Josif Popovski
|
0-0: DOUBLE (Line Drive, 89D, EV 105.0 MPH) Evan Chalarian to third Runner from 3rd tries for Home, SAFE, throw by RF to trailing runner, SAFE at third!
|
Pinch Hitting: LHB Helmut Steggall
|
0-0: Called Strike 0-1: SINGLE (Groundball, 34D, EV 100.6 MPH) Josif Popovski scores
|
Batting: SHB Chris Lockart
|
0-0: Swinging Strike 0-1: Called Strike 0-2: Ball 1-2: Ball 2-2: Foul Ball, location: 2F 2-2: Foul Ball, location: 2F 2-2: Ball 3-2: Foul Ball, location: 2F 3-2: Strikes out swinging Helmut Steggall steals 2nd base (no throw) Batter strikes out.
|
Batting: LHB Jonathan Spino
|
0-0: Ball 1-0: Foul Ball, location: 2F 1-1: Ball 2-1: Called Strike 2-2: Ball 3-2: Foul Ball, location: 2F 3-2: Strikes out swinging
|
Top of the 8th over - 2 runs, 2 hits, 1 error, 1 left on base; Hudson Valley 2 - Vermont 16 |
BOTTOM OF THE 8TH |
Vermont Lake Monsters batting - Pitching for Hudson Valley Renegades : RHP Adam Worrell
|
Now at C: Helmut Steggall
|
|
Now at 2B: Nelle Lommen
|
|
Now at 3B: Evan Chalarian
|
|
Now in LF: Eddie Zamora
|
|
Now in CF: Chris Lockart
|
|
Batting: RHB Gojko Golob
|
0-0: Ball 1-0: Foul Ball, location: 2F 1-1: Foul Ball, location: 2F 1-2: Ball 2-2: Ground out 6-3 (Groundball, 6, EV 90.6 MPH)
|
Batting: RHB Ricardo Claros
|
0-0: Ball 1-0: Ground out 6-3 (Groundball, 6, EV 78.8 MPH)
|
Batting: RHB Chris Bohm
|
0-0: Ball 1-0: Fly out, F7 (Flyball, 7LSF, EV 89.4 MPH)
|
Bottom of the 8th over - 0 runs, 0 hits, 0 errors, 0 left on base; Hudson Valley 2 - Vermont 16 |
TOP OF THE 9TH |
Hudson Valley Renegades batting - Pitching for Vermont Lake Monsters : RHP Ray Leuthauser
|
Batting: RHB Wil Urban
|
0-0: Ball 1-0: Foul Ball, location: 2F 1-1: Ball 2-1: Called Strike 2-2: Ball 3-2: Ground out 3-1 (Groundball, 34, EV 83.1 MPH)
|
Pinch Hitting: LHB Alex Genao
|
0-0: Ball 1-0: SINGLE (Flyball, 56D, EV 89.4 MPH)
|
Pinch Hitting: LHB Tony Zizumbo
|
0-0: Ball 1-0: Ball 2-0: Reached on error, E5 (Groundball, 5, EV 85.0 MPH) Alex Genao to second
|
Pinch Hitting: RHB Jeremy Whitehurst
|
0-0: Called Strike 0-1: Called Strike 0-2: Ball 1-2: Ball 2-2: Foul Ball, location: 2F 2-2: Ball 3-2: Base on Balls Alex Genao to third Tony Zizumbo to second
|
Batting: RHB Evan Chalarian
|
0-0: Foul Ball, location: 2F 0-1: Foul Ball, location: 2F 0-2: Strikes out looking
|
Pitching: RHP Scott Voss
|
|
Batting: SHB Josif Popovski
|
0-0: Ball 1-0: Foul Ball, location: 2F 1-1: Swinging Strike 1-2: Ball 2-2: Foul Ball, location: 2F 2-2: Strikes out swinging
|
Top of the 9th over - 0 runs, 1 hit, 1 error, 3 left on base; Hudson Valley 2 - Vermont 16 |
|